 Dungeon Crawl Stone Soup version 0.21.1-1-g345015fe64 (webtiles) character file.

9636 IceCat the Geomancer (level 11, 0/58 HPs)
             Began as a Gargoyle Earth Elementalist on July 24, 2018.
             Was an Elder of Sif Muna.
             Slain by a red ugly thing (9 damage)
             ... on level 11 of the Dungeon.
             The game lasted 01:35:52 (10918 turns).

IceCat the Geomancer (Gargoyle Earth Elementalist) Turns: 10918, Time: 01:35:52

Health: 0/58       AC: 10    Str: 11    XL:     11   Next: 49%
Magic:  4/33       EV: 12    Int: 25    God:    Sif Muna [****..]
Gold:   547        SH:  0    Dex: 10    Spells: 10/29 levels left

rFire    + . .     SeeInvis .   j - staff of fire
rCold    . . .     Gourm    .   (no shield)
rNeg     + . .     Faith    .   c - +0 robe
rPois    ∞         Spirit   .   (no helmet)
rElec    +         Reflect  .   A - scarf {repulsion}
rCorr    .         Harm     .   (no gloves)
MR       .....                  (no boots)
Stlth    ++........             (no amulet)
HPRegen  0.19/turn              H - +5 ring of intelligence
MPRegen  0.23/turn              k - ring of magical power

@: about to teleport, divine energy, repel missiles
A: negative energy resistance 1, electricity resistance, unbreathing,
petrification resistance, rot immunity, AC +8
a: Stop Divine Energy, Channel Magic, Forget Spell, Renounce Religion


You were on level 11 of the Dungeon.
You worshipped Sif Muna.
Sif Muna was greatly pleased with you.
You were not hungry.

You visited 2 branches of the dungeon, and saw 12 of its levels.
You also visited: Sewer.

You collected 547 gold pieces.

Inventory:

Hand Weapons
 i - a +0 dagger
Missiles
 b - 15 stones (quivered)
Armour
 c - a +0 robe (worn)
 A - a scarf of repulsion (worn)
 C - a +3 scale mail of cold resistance
Magical Staves
 j - an uncursed staff of fire (weapon)
Jewellery
 h - an uncursed ring of positive energy
 k - a ring of magical power (right hand)
 w - a +4 ring of protection
 H - a +5 ring of intelligence (left hand)
 N - an uncursed ring of see invisible
Wands
 s - a wand of polymorph (6)
 E - a wand of enslavement (17)
Scrolls
 a - 4 scrolls of remove curse
 m - a scroll of enchant armour
 o - a scroll of random uselessness {unknown}
 q - 2 scrolls of teleportation
 r - a scroll of magic mapping {unknown}
 v - a scroll of amnesia
 y - 3 scrolls of identify
 z - 5 scrolls of immolation
 B - 2 scrolls of fog {unknown}
 F - a scroll of noise {unknown}
 G - a scroll of torment {unknown}
 L - a scroll of enchant weapon {unknown}
Potions
 f - 4 potions of curing
 g - 4 potions of degeneration
 l - a potion of flight
 n - a potion of agility {unknown}
 p - 2 potions of lignification
 t - a potion of ambrosia {unknown}
 u - 2 potions of heal wounds
 x - a potion of berserk rage
 I - a potion of haste {unknown}
 J - a potion of mutation {unknown}
Books
 e - a book of Geomancy

   Spells                             Type                      Level
   a - Sandblast                      Earth                        1
   b - Passwall                       Transmutation/Earth          2
   c - Stone Arrow                    Conjuration/Earth            3
   d - Petrify                        Transmutation/Earth          4
   e - Lee's Rapid Deconstruction     Earth                        5
 D - a book of Enchantments

   Spells                             Type                      Level
   a - Cause Fear                     Hexes                        4
   b - Yara's Violent Unravelling     Hexes/Transmutation          5
   c - Silence                        Hexes/Air                    5
   d - Deflect Missiles               Charms/Air                   6
   e - Discord                        Hexes                        8
Miscellaneous
 M - a phantom mirror
Comestibles
 d - 13 rations
 K - 4 chunks of flesh


   Skills:
 + Level 2.3 Fighting
 - Level 0.3 Short Blades
 + Level 0.7 Staves
 + Level 3.0 Dodging
 - Level 4.0 Stealth
 + Level 9.8 Spellcasting
 + Level 7.9 Conjurations
 * Level 3.7 Hexes
 + Level 1.5 Transmutations
 + Level 11.8 Earth Magic
 + Level 2.3 Invocations
 + Level 1.8 Evocations


You had 10 spell levels left.
You knew the following spells:

 Your Spells              Type           Power        Failure   Level  Hunger
a - Sandblast             Erth           ######       1%          1    None
b - Stone Arrow           Conj/Erth      ######       1%          3    None
c - Lee's Rapid Deconstr  Erth           ######....   1%          5    ####...
d - Petrify               Tmut/Erth      #####...     3%          4    #......
e - Passwall              Tmut/Erth      #####.....   1%          2    None
f - Cause Fear            Hex            ####......   11%         4    #......


Dungeon Overview and Level Annotations

Branches:
Dungeon (11/15)            Temple (1/1) D:7            Lair (0/6) D:10
    Orc: D:9-12

Altars:
Dithmenos
Elyvilon
Gozag
Kikubaaqudgha
Makhleb
Nemelex Xobeh
Okawaru
Qazlal
Ru
Sif Muna
Trog
Uskayaw
Vehumet
Wu Jian
Xom
Yredelemnul
Zin

Annotations:
D:4 imnir's ghost, amateur HOFi


Innate Abilities, Weirdness & Mutations

You are resistant to torment.
Your stone body is resilient. (AC +8)
You are immune to poison.
You resist negative energy. (rN+)
You are resistant to electric shocks. (rElec)
You can survive without breathing.
You are immune to petrification.
You are immune to rotting.


Message History

Sif Muna accepts your kill.
b - 15 stones The orc barely misses you.
Casting: Sandblast
Confirm with . or Enter, or press ? or * to list all spells.
The orc warrior looks frightened!
The orc looks frightened!
Sif Muna grants you divine energy.
You briefly lose access to your magic!
A red ugly thing comes into view.
The red ugly thing gurgles horribly!
You regain access to your magic.
An orc warrior comes into view. It is wielding a flail.
The red ugly thing misses you. The red ugly thing headbutts you!
You are engulfed in flames.
You resist.
* * * LOW HITPOINT WARNING * * *
As you read the scroll of teleportation, it crumbles to dust.
You feel strangely unstable. The red ugly thing headbutts you!
* * * LOW HITPOINT WARNING * * *
You are engulfed in flames!
You resist.
You die...

#.###.........#
#..##.#.#.#.#.#
##............##
#...#...##..#...
#...............
###.#.#.#...#.#...
#.......#....#..##
###u#.#.#...#.#.#.#
#..@.........#.#..#
#.#.#.#.#.#.#.#.#.#
#.................#
#.##..#######.#####
#.##.## .# #....# #
###.## #.#
########.#


You could see a red ugly thing.

Vanquished Creatures
  Harold (D:10)
  A two-headed ogre (D:11)
  Pikel (D:8)
  An ugly thing (D:9)
  An orb spider (shapeshifter) (D:10)
  Maurice (D:8)
  A centaur zombie (D:10)
  Psyche (D:10)
  A troll (D:9)
  3 hippogriffs
  A yak (D:9)
  3 hogs (D:9)
  A human (D:9)
  A hungry ghost (D:7)
  2 water moccasins
  A porcupine (D:10)
  3 orc warriors
  2 sky beasts
  3 black bears
  3 ice beasts
  5 ogres
  2 phantoms
  5 centaurs
  A crocodile (Sewer)
  6 bullfrogs
  A big kobold (D:10)
  4 scorpions
  3 wights (D:9)
  10 howler monkeys
  A quasit (D:10)
  A bullfrog zombie (D:10)
  4 hounds
  A jelly (D:6)
  7 orc priests
  A centaur skeleton (D:10)
  7 orc wizards
  2 bullfrog skeletons (D:10)
  2 iguanas
  Jessica (D:2)
  5 worker ants
  A howler monkey zombie (D:10)
  4 gnolls (D:9)
  6 adders
  3 adder skeletons
  4 worms
  6 leopard geckos (D:3)
  35 orcs
  5 bats
  6 giant cockroaches
  6 goblins
  9 hobgoblins
  14 jackals
  4 quokkas
  2 ball pythons (D:3)
  5 frilled lizards
  A jackal skeleton (D:4)
  15 kobolds
  A quokka zombie (D:8)
  4 rats
232 creatures vanquished.

Vanquished Creatures (others)
  2 slaves (D:8)
  An orc priest (D:8)
  A hound (D:8)
  A worker ant (D:8)
  2 fungi (D:10)
7 creatures vanquished.

Grand Total: 239 creatures vanquished

Notes
Turn   | Place    | Note
-------+----------+-------------------------------------------
     0 | D:1      | IceCat the Gargoyle Earth Elementalist began the quest for the Orb.
     0 | D:1      | Reached XP level 1. HP: 10/10 MP: 3/3
   238 | D:1      | Reached XP level 2. HP: 7/15 MP: 1/5
  1057 | D:2      | Noticed a howler monkey
  1062 | D:2      | Reached skill level 4 in Earth Magic
  1062 | D:2      | Reached XP level 3. HP: 11/19 MP: 2/6
  1369 | D:1      | Reached XP level 4. HP: 8/24 MP: 1/8
  1591 | D:1      | Learned a level 3 spell: Stone Arrow
  1762 | D:2      | Noticed Jessica
  1780 | D:2      | Killed Jessica
  1780 | D:2      | Reached XP level 5. HP: 28/28 MP: 7/10
  2417 | D:3      | Reached skill level 5 in Earth Magic
  2506 | D:3      | Found a glowing drain.
  2519 | Sewer    | Entered a sewer
  2685 | Sewer    | Noticed a crocodile
  2696 | Sewer    | Killed a crocodile
  2696 | Sewer    | Reached skill level 1 in Conjurations
  2696 | Sewer    | Reached XP level 6. HP: 23/33 MP: 6/12
  3143 | D:4      | Noticed imnir's ghost (amateur HOFi)
  3491 | D:4      | Reached XP level 7. HP: 37/37 MP: 6/14
  3492 | D:4      | Reached skill level 6 in Earth Magic
  4243 | D:5      | Entered Level 5 of the Dungeon
  4382 | D:5      | Reached skill level 5 in Spellcasting
  4763 | D:5      | Found a sparkling altar of Nemelex Xobeh.
  5049 | D:6      | Found a shadowy altar of Dithmenos.
  5060 | D:6      | Reached skill level 7 in Earth Magic
  5063 | D:6      | Reached skill level 1 in Fighting
  5063 | D:6      | Reached XP level 8. HP: 43/43 MP: 15/16
  5249 | D:6      | Learned a level 5 spell: Lee's Rapid Deconstruction
  5405 | D:6      | Reached skill level 1 in Evocations
  5621 | D:6      | Found a sacrificial altar of Ru.
  5631 | D:6      | Learned a level 4 spell: Petrify
  5824 | D:7      | Found a sparkling altar of Nemelex Xobeh.
  5825 | D:7      | Found an opulent altar of Gozag.
  5913 | D:7      | Found a staircase to the Ecumenical Temple.
  6045 | Temple   | Entered the Ecumenical Temple
  6101 | Temple   | Became a worshipper of Sif Muna the Loreminder
  6222 | D:7      | Found a sacrificial altar of Ru.
  6255 | D:7      | Reached skill level 8 in Earth Magic
  6366 | D:7      | Reached XP level 9. HP: 48/48 MP: 19/19
  6502 | D:7      | Learned a level 2 spell: Passwall
  6630 | D:7      | Reached * piety under Sif Muna
  6679 | D:8      | Reached skill level 5 in Conjurations
  6762 | D:8      | Noticed Maurice
  6799 | D:8      | Paralysed by something for 7 turns
  6835 | D:8      | Noticed Pikel
  6846 | D:8      | Killed Pikel
  6846 | D:8      | Reached skill level 1 in Transmutations
  6846 | D:8      | Reached skill level 9 in Earth Magic
  6861 | D:8      | Found a white marble altar of Elyvilon.
  7005 | D:8      | Found an ancient bone altar of Kikubaaqudgha.
  7314 | D:8      | Learned a level 4 spell: Cause Fear
  7389 | D:8      | Found a shimmering altar of Xom.
  7601 | D:8      | Paralysed by something for 2 turns
  7613 | D:8      | Killed Maurice
  7613 | D:8      | Reached ** piety under Sif Muna
  7613 | D:8      | Reached XP level 10. HP: 51/53 MP: 13/22
  7643 | D:8      | Reached skill level 10 in Earth Magic
  7796 | D:8      | Found a hide-covered altar of Uskayaw.
  7798 | D:8      | Found a burning altar of Makhleb.
  7801 | D:8      | Found a glowing silver altar of Zin.
  7937 | D:8      | Found an iron altar of Okawaru.
  8248 | D:9      | Found an iron altar of Okawaru.
  8298 | D:9      | Noticed a red ugly thing
  8340 | D:9      | Killed a red ugly thing
  8340 | D:9      | Reached skill level 1 in Hexes
  8507 | D:9      | Reached *** piety under Sif Muna
  9028 | D:9      | Reached skill level 11 in Earth Magic
  9368 | D:10     | Entered Level 10 of the Dungeon
  9405 | D:10     | Noticed an orb spider
  9423 | D:10     | Killed an orb spider
  9423 | D:10     | Reached skill level 1 in Invocations
  9463 | D:10     | Reached XP level 11. HP: 57/57 MP: 4/24
  9481 | D:10     | Noticed Harold
  9512 | D:10     | Killed Harold
  9512 | D:10     | Reached **** piety under Sif Muna
  9982 | D:10     | Noticed Psyche
  9988 | D:10     | Killed Psyche
 10167 | D:10     | Identified a scroll of acquirement
 10171 | D:10     | Got a smoking lapis lazuli ring
 10173 | D:10     | Identified the ring of Qapsusiapi {rC- Dex+3 Stlth+} (You acquired it on level 10 of the Dungeon)
 10789 | D:10     | Found a staircase to the Lair.
 10892 | D:11     | Noticed a two-headed ogre
 10900 | D:11     | Killed a two-headed ogre
 10902 | D:11     | Noticed a red ugly thing
 10918 | D:11     | Slain by a red ugly thing

Skill      XL: |  1  2  3  4  5  6  7  8  9 10 11 |
---------------+----------------------------------+-----
Earth Magic    | 4 5 7 8 9 11 | 11.8
Spellcasting   | 3 4 5 6 8 9 |  9.8
Dodging        | 2 3 |  3.0
Conjurations   | 1 2 4 6 7 |  7.9
Stealth        | 3 4 |  4.0
Fighting       | 1 2 |  2.3
Evocations     | 1 |  1.8
Transmutations | 1 |  1.5
Hexes          | 2 3 |  3.7
Invocations    | 1 2 |  2.3
Short Blades   | |  0.3
Staves         | |  0.7

Action                   |  1- 3 |  4- 6 |  7- 9 | 10-12 || total
-------------------------+-------+-------+-------+-------++-------
Melee: Unarmed           |    14 |       |       |       ||    14
       Dagger            |    17 |    11 |       |       ||    28
       Whip              |     2 |       |       |       ||     2
       Staff             |       |    28 |    17 |     8 ||    53
 Cast: Sandblast         |    34 |    53 |    28 |    22 ||   137
       Stone Arrow       |       |    41 |   102 |   146 ||   289
       Petrify           |       |       |     5 |     3 ||     8
       Lee's Rapid Decon |       |       |     4 |     8 ||    12
       Cause Fear        |       |       |       |     1 ||     1
Invok: Divine Energy     |       |       |     1 |     2 ||     3
       Stop Divine Energ |       |       |       |     2 ||     2
Evoke: Wand              |       |       |     7 |       ||     7
  Use: Scroll            |       |     3 |     6 |     6 ||    15
       Potion            |       |       |     1 |     5 ||     6
  Eat: Chunk             |     1 |     8 |    14 |    13 ||    36
       Ration            |       |     1 |     1 |       ||     2
Armor: Robe              |    20 |    21 |    33 |    38 ||   112
Dodge: Dodged            |    44 |    37 |    30 |    56 ||   167
       Deflected         |       |       |     9 |     3 ||    12
